 Dungeon Crawl Stone Soup version 0.18.1-50-g88ac8fd (webtiles) character file.

123 go0n the Ruffian (level 4, -1/45 HPs)
             Began as a Troll Monk on Sept 16, 2016.
             Killed from afar by an orc wizard (5 damage)
             ... with a puff of flame
             ... on level 3 of the Dungeon.
             The game lasted 00:12:17 (1576 turns).

go0n the Ruffian (Troll Monk)                       Turns: 1576, Time: 00:12:19

Health: -1/45      AC:  5    Str: 20    XL:     4   Next: 79%
Magic:  3/3        EV: 10    Int:  6    God:
Gold:   83         SH:  0    Dex: 12    Spells: 0 memorised, 3 levels left

rFire  . . .     SeeInvis .       - Unarmed
rCold  . . .     Gourm    +     n - +0 robe (curse)
rNeg   . . .     Faith    .     (no shield)
rPois  .         Spirit   .     (helmet restricted)
rElec  .         Dismiss  .     (no cloak)
rCorr  .         Reflect  .     (gloves unavailable)
SustAt .         Harm     .     (boots unavailable)
MR     .....                    m - amulet of rage
Stlth  ++........               (no ring)
                                g - ring of stealth

@: lethally poisoned (-1 -> -2), slowed, very slow, not resistant to hostile
enchantments, unstealthy
A: unfitting armour, claws 3, fast metabolism 3, gourmand, regeneration 2,
shaggy fur 1, tough skin 2
a: Evoke Berserk Rage


You were on level 3 of the Dungeon.
You were not hungry.

You visited 1 branch of the dungeon, and saw 3 of its levels.

You collected 83 gold pieces.

Inventory:

Missiles
 k - 26 arrows
 o - 4 tomahawks (quivered)
Armour
 a - a +1 robe
 j - a +0 robe
 n - a cursed +0 robe (worn)
Jewellery
 g - a ring of stealth (left claw)
 m - an amulet of rage (around neck)
Scrolls
 h - a scroll of enchant weapon
 r - a scroll of amnesia {unknown}
 s - a scroll of remove curse {unknown}
Potions
 c - a potion of degeneration
 e - a potion of might
 l - 2 potions of curing
Comestibles
 b - 3 bread rations
 d - 3 meat rations
 t - a beef jerky


   Skills:
 + Level 3.3 Fighting
 - Level 3.1 Dodging
 - Level 1.1 Stealth
 + Level 5.0 Unarmed Combat


You had 3 spell levels left.
You didn't know any spells.

Dungeon Overview and Level Annotations

Branches:
Dungeon (3/15)

Altars:


Innate Abilities, Weirdness & Mutations

You are too large for most types of armour.
You have claws for hands.
Your metabolism is lightning-fast.
You like to eat raw meat.
You heal very quickly.
You are covered in fur (AC +1).
You have very tough skin (AC +2).


Message History

Something hits you but does no damage.
You are more poisoned.
Drink which item? (? for menu, Esc to quit)
It was a potion of curing.
You feel better.
You hear some strange, mumbled words.
A puff of flame appears from out of thin air!
The puff of flame hits you!
* * * LOW HITPOINT WARNING * * *
The orc wizard gestures at you while chanting.
The magic dart hits something.
Something hits you.
* * * LOW HITPOINT WARNING * * *
You are poisoned.
Read which item? (? for menu, Esc to quit)
As you read the scroll labeled RUW EZAOTIHUESS, it crumbles to dust.
The creatures around you are filled with an inner flame!
It was a scroll of immolation.
You feel sick.
You hear some strange, mumbled words.
A puff of flame appears from out of thin air!
The puff of flame hits you!
You die...

#.# #o#### #....#
####o# #o# ########
#o# .......# #o#
.......# #{#####
..#.#..# #.@...#
...<...############.#
..#.#....[....).# #.#
.......########.###.#
.............##.....#
..#.#.#..#.#.########
....#......#.#
###.###.#..#.#
#.....#....#


You could see an orc wizard (inner flame) and 3 orcs.

Vanquished Creatures
  Ijyb (D:2)
  2 adders (D:2)
  A shadow imp (D:3)
  2 oozes (D:2)
  A worm (D:2)
  A dart slug (D:1)
  2 giant geckos
  An orc (D:3)
  2 giant cockroaches
  4 goblins
  10 hobgoblins
  3 quokkas
  5 bats
  7 giant newts
  7 kobolds
  7 rats
56 creatures vanquished.

Notes
Turn   | Place    | Note
--------------------------------------------------------------
     0 | D:1      | go0n the Troll Monk began the quest for the Orb.
     0 | D:1      | Reached XP level 1. HP: 22/22 MP: 0/0
   112 | D:1      | Reached XP level 2. HP: 29/29 MP: 1/1
   733 | D:2      | Noticed Ijyb
   755 | D:2      | Killed Ijyb
   755 | D:2      | Reached XP level 3. HP: 32/36 MP: 2/2
   852 | D:2      | Reached XP level 4. HP: 40/44 MP: 3/3
  1420 | D:3      | Reached skill level 5 in Unarmed Combat
  1576 | D:3      | Killed from afar by an orc wizard

Skill      XL: |  1  2  3  4 |
---------------+-------------+-----
Dodging        | 3 |  3.1
Fighting       | 3 |  3.3
Unarmed Combat | 5 |  5.0
Stealth        | |  1.1

Action                   |  1- 3 |  4- 6 || total
-------------------------+-------+-------++-------
Melee: Unarmed           |    85 |    72 ||   157
       Punch             |       |     1 ||     1
Throw: Tomahawk          |       |     2 ||     2
  Use: Scroll            |       |     7 ||     7
       Potion            |       |     4 ||     4
 Stab: Sleeping          |     5 |     2 ||     7
  Eat: Chunk             |     8 |     4 ||    12
Armor: Robe              |    36 |    46 ||    82
Dodge: Dodged            |    50 |    59 ||   109
